 Dungeon Crawl Stone Soup version 0.22-a0-283-g1871b15 (webtiles) character file.

9 sankara the Firebug (level 2, 20/20 HPs)
             Began as a Draconian Fire Elementalist on Mar 19, 2018.
             Got out of the dungeon alive.
             The game lasted 00:01:51 (221 turns).

sankara the Firebug (Draconian Fire Elementalist)    Turns: 221, Time: 00:01:52

Health: 20/20      AC:  4    Str: 10    XL:     2   Next: 6%
Magic:  1/5        EV: 12    Int: 15    God:
Gold:   0          SH:  0    Dex: 11    Spells: 4/5 levels left

rFire    . . .     SeeInvis .   e - +0 whip
rCold    . . .     Gourm    .   (no shield)
rNeg     . . .     Faith    .   (armour unavailable)
rPois    .         Spirit   .   (helmet restricted)
rElec    .         Reflect  .   (no cloak)
rCorr    .         Harm     .   (no gloves)
MR       .....                  (no boots)
Stlth    ++........             (no amulet)
HPRegen  0.06/turn              (no ring)
MPRegen  0.09/turn              (no ring)

@: no status effects
A: unfitting armour, cold-blooded, AC +4
a: no special abilities


You escaped.
You were not hungry.

You visited 1 branch of the dungeon, and saw 1 of its levels.

Inventory:

Hand Weapons
 e - a +0 whip (weapon)
   (You found it on level 1 of the Dungeon)
Scrolls
 a - a scroll of enchant armour {unknown}
Comestibles
 b - a ration
 c - 4 chunks of flesh {@w0}


   Skills:
 - Level 1.8 Dodging
 - Level 1.8 Stealth
 + Level 2.2 Spellcasting
 + Level 1.3 Conjurations
 + Level 3.2 Fire Magic


You had 4 spell levels left.
You knew the following spells:

 Your Spells              Type           Power        Failure   Level  Hunger
a - Flame Tongue          Conj/Fire      #....        9%          1    #......


Dungeon Overview and Level Annotations

Branches:
Dungeon (1/15)

Altars:


Innate Abilities, Weirdness & Mutations

Your plain brown scales are hard. (AC +4)
You cannot fit into any form of body armour.
You are cold-blooded and may be slowed by cold attacks.


Message History

Confirm with . or Enter, or press ? or * to list all spells.
You can't see any susceptible monsters within range! (Use Z to cast anyway.) Unknown command.
Casting: Flame Tongue (safe; 10% risk of failure)
Confirm with . or Enter, or press ? or * to list all spells.
You don't know that spell.
Casting: Flame Tongue (safe; 10% risk of failure)
Confirm with . or Enter, or press ? or * to list all spells.
You can't see any susceptible monsters within range! (Use Z to cast anyway.) Unknown command.
Casting: Flame Tongue (safe; 10% risk of failure)
Confirm with . or Enter, or press ? or * to list all spells.
You can't see any susceptible monsters within range! (Use Z to cast anyway.) Unknown command.
Casting: Flame Tongue (safe; 10% risk of failure)
Confirm with . or Enter, or press ? or * to list all spells.
Aiming: Flame Tongue (safe; 10% risk of failure)
Press: ? - help, Shift-Dir - straight line, f - leopard gecko
Aim: a leopard gecko (clinging, resting)
The flame tongue hits the leopard gecko.
You kill the leopard gecko!
You see here a leopard gecko corpse.
You butcher the leopard gecko corpse.
c - 3 chunks of flesh {@w0} (gained 2)
e - a whip Wield which item (- for none, * to show all)? (? for menu, Esc to quit)
e - a +0 whip (weapon)
Drop what? 5/52 slots (_ for help) (? for menu, Esc to quit)
You drop a club.
A hobgoblin comes into view.
Casting: Flame Tongue (safe; 9% risk of failure)
Confirm with . or Enter, or press ? or * to list all spells.
You can't see any susceptible monsters within range! (Use Z to cast anyway.) Unknown command.
The hobgoblin shouts! 2 frilled lizards come into view.
Casting: Flame Tongue (safe; 9% risk of failure)
Confirm with . or Enter, or press ? or * to list all spells.
Aiming: Flame Tongue (safe; 9% risk of failure)
Press: ? - help, Shift-Dir - straight line, f - hobgoblin
Aim: a hobgoblin The flame tongue hits the hobgoblin.
You kill the hobgoblin!
The frilled lizard hisses angrily. x2
Casting: Flame Tongue (safe; 9% risk of failure)
Confirm with . or Enter, or press ? or * to list all spells.
You can't see any susceptible monsters within range! (Use Z to cast anyway.) Unknown command.
Casting: Flame Tongue (safe; 9% risk of failure)
Confirm with . or Enter, or press ? or * to list all spells.
You can't see any susceptible monsters within range! (Use Z to cast anyway.) Unknown command.
Casting: Flame Tongue (safe; 9% risk of failure)
Confirm with . or Enter, or press ? or * to list all spells.
Aiming: Flame Tongue (safe; 9% risk of failure)
Press: ? - help, Shift-Dir - straight line, f - frilled lizard
Aim: a frilled lizard The flame tongue misses the frilled lizard.
Casting: Flame Tongue (safe; 9% risk of failure)
Confirm with . or Enter, or press ? or * to list all spells.
Aiming: Flame Tongue (safe; 9% risk of failure)
Press: ? - help, Shift-Dir - straight line, f/p - frilled lizard
Aim: a frilled lizard The flame tongue misses the frilled lizard.
The frilled lizard bites you but does no damage.
Casting: Flame Tongue (safe; 9% risk of failure)
Confirm with . or Enter, or press ? or * to list all spells.
Aiming: Flame Tongue (safe; 9% risk of failure)
Press: ? - help, Shift-Dir - straight line, f/p - frilled lizard
Aim: a frilled lizard The flame tongue hits the frilled lizard.
You kill the frilled lizard!
Casting: Flame Tongue (safe; 9% risk of failure)
Confirm with . or Enter, or press ? or * to list all spells.
Aiming: Flame Tongue (safe; 9% risk of failure)
Press: ? - help, Shift-Dir - straight line, f - frilled lizard
Aim: a frilled lizard The flame tongue hits the frilled lizard.
You kill the frilled lizard!
You have reached level 2!
You see here a frilled lizard corpse.
You butcher the frilled lizard corpse.
c - 4 chunks of flesh {@w0} (gained 1)
You see here a frilled lizard skeleton.
You see here a frilled lizard corpse.
A kobold comes into view.
The kobold throws a stone.
The stone hits you but does no damage.
You see here a stone.
Casting: Flame Tongue (safe; 9% risk of failure)
Confirm with . or Enter, or press ? or * to list all spells.
Aiming: Flame Tongue (safe; 9% risk of failure)
Press: ? - help, Shift-Dir - straight line, f - kobold
Aim: a kobold The flame tongue hits the kobold.
You kill the kobold!
You see here a frilled lizard corpse.
You see here a frilled lizard skeleton.
There is a staircase leading out of the dungeon here.
Are you sure you want to leave the Dungeon?
This will make you lose the game!
You have escaped!

.................
########†.##.###.
##########.......#
#####...........#....#
#..†............+....#
###.........##..#....#
#.......÷.##..#.##.#
#.........##.......# #.
####8@8#####..#.##.#
##.#############..#.##.#
.......................#
#........................
##.#..##..##.............
#..##..##.#...#.##.### #
#.....).#.#..........
###.#.........#...#.#.....
........#.................


There were no monsters in sight!

Vanquished Creatures
  A leopard gecko (D:1)
  A bat (D:1)
  2 hobgoblins (D:1)
  A kobold (D:1)
  3 frilled lizards (D:1)
8 creatures vanquished.

Notes
Turn   | Place    | Note
-------+----------+-------------------------------------------
     0 | D:1      | sankara the Draconian Fire Elementalist began the quest for the Orb.
     0 | D:1      | Reached XP level 1. HP: 14/14 MP: 3/3
   197 | D:1      | Reached XP level 2. HP: 20/20 MP: 0/5
   221 | D:$      | Got out of the dungeon alive.

Vault maps used:
D:1:      mrwooster_arrival_statue, hangedman_decor_points,
          minmay_tree_intersection

Action                   || total
-------------------------++-------
Melee: Unarmed           ||    15
 Cast: Flame Tongue      ||    14
Armor: Skin              ||    35
Dodge: Dodged            ||    45

Table legend:
 A = Spawn XP
 B = Non-spawn XP
 C = Spawn XP percentage of total XP
 D = Spawn monster count
 E = Non-spawn monster count
 F = Spawn count percentage of total count
 G = Total turns spent on level
                    A         B        C        D         E        F      G
               +---------+---------+-------+---------+---------+-------+---------
         Total |       0 |      14 |   0.0 |       0 |       8 |   0.0 |   221
               +---------+---------+-------+---------+---------+-------+---------
           D:1 |       0 |      14 |   0.0 |       0 |       8 |   0.0 |   221
               +---------+---------+-------+---------+---------+-------+---------

Vault maps used:
D:1:      mrwooster_arrival_statue, hangedman_decor_points,
          minmay_tree_intersection

Table legend:
 A = Turns spent in this place as a percentage of turns spent in the entire game.
 B = Non-inter-level travel turns spent in this place as a percentage of non-inter-level travel turns spent in the entire game.
 C = Inter-level travel turns spent in this place as a percentage of turns spent in this place.
 D = Turns resting spent in this place as a percentage of non-inter-level travel turns spent in this place.
 E = Turns spent auto-exploring this place as a percentage of non-inter-level travel turns spent in this place.
 F = Non-inter-level travel turns spent in this place divided by the number of levels of this place that you've seen.
                   A       B       C       D       E      F
               +-------+-------+-------+-------+-------+----------------------
         Total | 100.0 | 100.0 |   4.5 |  21.8 |  15.6 | 211.0
       Dungeon | 100.0 | 100.0 |   4.5 |  21.8 |  15.6 | 211.0
               +-------+-------+-------+-------+-------+----------------------

Table legend:
 A = Kills in this place as a percentage of kills in entire the game.
 B = Kills by you in this place as a percentage of kills by you in the entire game.
 C = Kills by friends in this place as a percentage of kills by friends in the entire game.
 D = Other kills in this place as a percentage of other kills in the entire game.
 E = Experience gained in this place as a percentage of experience gained in the entire game.
 F = Experience gained in this place divided by the number of levels of this place that you have seen.
                   A       B       C       D       E      F
               +-------+-------+-------+-------+-------+----------------------
         Total | 100.0 | 100.0 |   N/A |   N/A | 100.0 |  14.0
       Dungeon | 100.0 | 100.0 |   N/A |   N/A | 100.0 |  14.0
               +-------+-------+-------+-------+-------+----------------------
